 Dungeon Crawl Stone Soup version 0.26-a0-466-g989023bd0d (webtiles) character file.

Game seed: 17143628575988411783

0 Gargoyl the Skirmisher (level 1, -6/23 HPs)
             Began as a Gnoll Abyssal Knight on July 30, 2020.
             Was a Follower of Lugonu.
             Killed from afar by a raiju (10 damage)
             ... with a living lightning
             ... on level 2 of the Abyss.
             The game lasted 00:00:21 (78 turns).

Gargoyl the Skirmisher (Gnoll Abyssal Knight)         Turns: 78, Time: 00:00:21

Health: -6/23      AC:  3    Str: 14    XL:     1   Next: 0%
Magic:  3/3        EV: 12    Int: 14    God:    Lugonu [*.....]
Gold:   23         SH:  0    Dex: 14    Spells: 0/0 levels left

rFire    . . .     SeeInvis .   a - +1 hand axe
rCold    . . .     Faith    .   (no shield)
rNeg     . . .     Spirit   .   b - +0 leather armour
rPois    .         Reflect  .   (no helmet)
rElec    .         Harm     .   (no cloak)
rCorr    .                      (no gloves)
MR       .....                  (no boots)
Stlth    +.........             (no amulet)
HPRegen  0.00/turn              (no ring)
MPRegen  0.08/turn              (no ring)

@: non-regenerating, diseased
A: distributed training, fangs 1, strong nose
a: Depart the Abyss, Renounce Religion


You were on level 2 of the Abyss.
You worshipped Lugonu.
Lugonu was aware of your devotion.
You visited 0 branches of the dungeon, and saw 0 of its levels.
You visited the Abyss 1 time.

You collected 23 gold pieces.

Inventory:

Hand Weapons
 a - a +1 hand axe (weapon)
Armour
 b - a +0 leather armour (worn)


   Skills:
 + Level 6.4 Fighting
 + Level 0.0 Short Blades
 + Level 0.0 Long Blades
 + Level 4.4 Axes
 + Level 0.0 Maces & Flails
 + Level 0.0 Polearms
 + Level 0.0 Staves
 + Level 0.0 Slings
 + Level 0.0 Bows
 + Level 0.0 Crossbows
 + Level 0.0 Throwing
 + Level 4.4 Armour
 + Level 2.3 Dodging
 + Level 0.0 Stealth
 + Level 0.0 Shields
 + Level 0.0 Unarmed Combat
 + Level 0.0 Spellcasting
 + Level 0.0 Conjurations
 + Level 0.0 Hexes
 + Level 0.0 Summonings
 + Level 0.0 Necromancy
 + Level 0.0 Translocations
 + Level 0.0 Transmutations
 + Level 0.0 Fire Magic
 + Level 0.0 Ice Magic
 + Level 0.0 Air Magic
 + Level 0.0 Earth Magic
 + Level 0.0 Poison Magic
 + Level 4.4 Invocations
 + Level 0.0 Evocations


You couldn't memorise any spells.
You didn't know any spells.
Your spell library was empty.

Dungeon Overview and Level Annotations

Branches:
Dungeon (0/15)

Altars:


Innate Abilities, Weirdness & Mutations

Your experience applies equally to all skills.
You have very sharp teeth.
Your uncanny sense of smell can sniff out nearby items.


Message History

A tentacle flies out from the starspawn's body!
A starspawn tentacle comes into view.
There is an open door here.
The tormentor gestures at you. Pain shoots through your body!
* * * LOW HITPOINT WARNING * * *
An ancient zyme comes into view.
Found 19 arrows.
You feel yourself growing ill in the presence of the ancient zyme.
You feel ill.
A raiju comes into view.
The raiju barks!
You feel ill.
The raiju bursts into living lightning!
The living lightning hits you.
* * * LOW HITPOINT WARNING * * *
The raiju blinks!
The raiju bursts into living lightning!
The living lightning hits you!
You die...

.. ....###....## ##
x###.####.#L # §. ##
. #..##.## .###. .#
.(.#.#..##...##....#
#.#...#..##
###x...## ≈
....#.##..###.§#..#∆
..≈.##.#.
##....##..# .
............#.....#
#......
#.....#.@...# .≈ . #
####....h.#.#.# .#'
..#+...###.#.#.. . #
L# .#.2. ..... .
.2#5$...#. ...#..
..# ∆...# ##.....
..#.. .## .## #
..#w#.. . . ..X 2. #
..


You could see a lich, an ancient zyme, a tormentor and a raiju.

Vanquished Creatures (others)
  4 starspawn tentacles (Abyss:2)
4 creatures vanquished.

Notes
Turn   | Place    | Note
-------+----------+-------------------------------------------
     0 | Abyss:1  | Gargoyl the Gnoll Abyssal Knight began the quest for the
                  | Orb.
     0 | Abyss:1  | Reached XP level 1. HP: 23/23 MP: 3/3
    38 | Abyss:2  | Noticed an iron imp
    40 | Abyss:2  | Noticed a tormentor
    43 | Abyss:2  | Noticed a lich
    44 | Abyss:2  | Noticed a tentacled starspawn
    57 | Abyss:2  | Noticed an ancient zyme
    64 | Abyss:2  | Noticed a small abomination
    73 | Abyss:2  | Noticed a raiju
    78 | Abyss:2  | Killed from afar by a raiju

Illustrated notes

Levels and vault maps discovered:
Abyss:2:  evilmike_abyss_exit_3, minivault_22, hangedman_stitches_earthworm,
          minivault_22, hangedman_abyss_monster_moat, minivault_22

Action                   || total
-------------------------++-------
  Use: Potion            ||     1

Table legend: (Time is in decaauts)
 A = Elapsed time spent in this place.
 B = Non-inter-level travel time spent in this place.
 C = Inter-level travel time spent in this place.
 D = Time resting spent in this place.
 E = Time spent auto-exploring this place.
 F = Levels seen in this place.
 G = Mean time per level.
                   A        B        C        D        E       F      G
               +--------+--------+--------+--------+--------+-----+--------+
         Total |     77 |     77 |      0 |      0 |     30 |   2 |   38.5 |
         Abyss |     77 |     77 |      0 |      0 |     30 |   2 |   38.5 |
               +--------+--------+--------+--------+--------+-----+--------+

Top non-repeatable levels by time:
 Abyss:2: 70 daAuts
 Abyss:1: 7 daAuts
